 Dungeon Crawl Stone Soup version 0.29.0-7-g18a832c13a (webtiles) character file.

Game seed: 16196930318888753823

86 p0werm0de the Trooper (level 4, -8/29 HPs)
             Began as a Gargoyle Chaos Knight on Aug 30, 2022.
             Was a Believer of Jiyva.
             Mangled by an ogre
             ... wielding a +0 giant club
              (18 damage)
             ... on level 4 of the Dungeon.
             The game lasted 00:02:24 (646 turns).

p0werm0de the Trooper (Gargoyle Chaos Knight)        Turns: 646, Time: 00:02:25

Health: -8/29      AC:  9    Str: 18    XL:     4   Next: 50%
Magic:  4/4        EV: 11    Int: 12    God:    Jiyva [**....]
Gold:   38         SH:  0    Dex:  9    Spells: 3/3 levels left

rFire   . . .      SeeInvis .   a - +0 hand axe (chaos)
rCold   . . .      Faith    .   (no shield)
rNeg    + . .      Spirit   .   b - +2 leather armour
rPois   ∞          Reflect  .   (no helmet)
rElec   +          Harm     .   (no cloak)
rCorr   +          Rampage  .   (no gloves)
Will    .....                   (no boots)
Stlth   +.........              (no amulet)
HPRegen 1.05/turn               (no ring)
MPRegen 0.39/turn               (no ring)

@: no status effects
A: sickness immunity, AC +3, negative energy resistance 1, electricity
resistance, torment resistance 1, petrification resistance
a: Renounce Religion


You were on level 4 of the Dungeon.
You worshipped Jiyva.
Jiyva was pleased with you.
You visited 1 branch of the dungeon, and saw 3 of its levels.

You collected 38 gold pieces.

Inventory:

Hand Weapons
 a - a +0 hand axe of chaos (weapon)
Armour
 b - a +2 leather armour (worn)
Jewellery
 e - a ring of ice
   (You found it on level 1 of the Dungeon)
Scrolls
 r - 2 scrolls of identify
Potions
 d - a potion of curing {unknown}
 h - a potion of haste {unknown}
Miscellaneous
 c - a piece from Xom's chessboard (14/15) (quivered)


   Skills:
 * Level 4.0 Fighting
 * Level 3.2 Axes
 * Level 3.1 Armour
 - Level 0.7 Dodging
 * Level 1.5 Evocations


You had 3 spell levels left.
You didn't know any spells.
Your spell library contained the following spells:

 Spells                   Type           Power      Damage    Failure   Level
 Alistair's Intoxication  Tmut/Pois      0%         N/A       100%        5
 Borgnjor's Vile Clutch   Necr/Erth      0%         N/A       100%        5
 Eringya's Noxious Bog    Tmut/Pois      0%         N/A       100%        6


Dungeon Overview and Level Annotations

Branches:
Dungeon (2/15)

Altars:
Jiyva


Innate Abilities, Weirdness & Mutations

You are immune to sickness and miasma.
Your stone body is resilient. (AC +3)
You are immune to poison.
You resist negative energy. (rN+)
You are resistant to electric shocks. (rElec)
You are resistant to unholy torment.
You are immune to petrification.


Message History

You closely miss the goblin. The goblin hits you but does no damage.
You hear a distant slurping noise.
You slash the goblin!
You kill the goblin!
You hear a distant slurping noise.
You hear a distant slurping noise.
Things that are here:
a +0 dagger; a goblin corpse You hear a distant slurping noise.
You hear a distant slurping noise.
You hear a distant slurping noise.
An ogre comes into view. It is wielding a +0 giant club.
The ogre shouts!
You hit the ogre. You freeze the ogre.
The ogre is lightly wounded.
The ogre closely misses you.
You hit the ogre.
The ogre easily resists.
The ogre is moderately wounded.
You hear a distant slurping noise.
You hit the ogre.
The ogre is moderately wounded.
The ogre hits you with a +0 giant club!!
Ouch! That really hurt!
* * * LOW HITPOINT WARNING * * *
You make a move on Xom's chessboard...
The ogre resists with significant effort.
The ogre misses you.
You hear a distant slurping noise.
Okay, then.
Okay, then.
As you read the scroll labelled JODINK MEKKU, it crumbles to dust.
It is a scroll of identify.
f - a scroll of butterflies;
r - 2 scrolls of identify You hear a distant slurping noise.
You hear a squelching noise.
As you read the scroll of butterflies, it crumbles to dust.
You hear the tinkle of a tiny bell.
The ogre hits you with a +0 giant club!!
Ouch! That really hurt!
You die...
Xom snickers!

##################
#@bb.......).....†
#O################
#b# ###### ...
...... # ##.# #...
# #.# #... # #.#
#.JJ # #.# #... #
###.


You could see an ogre (ally target).

Vanquished Creatures
  An orc priest (D:4)
  An adder (D:4)
  An ufetubus (D:4)
  A dart slug (D:1)
  3 orcs (D:4)
  4 ball pythons
  A bat (D:2)
  A giant cockroach (D:1)
  3 goblins
  4 hobgoblins
  3 kobolds
  4 quokkas (D:4)
  2 frilled lizards (D:2)
  A quokka zombie (D:2)
  3 rats
33 creatures vanquished.

Vanquished Creatures (others)
  An orc (D:4)
  A ball python (D:4)
  A goblin (D:1)
  A frilled lizard (D:2)
  A kobold (D:1)
  A withered plant (D:2)
6 creatures vanquished.

Grand Total: 39 creatures vanquished

Notes
Turn   | Place    | Note
-------+----------+-------------------------------------------
     0 | D:1      | p0werm0de the Gargoyle Chaos Knight began the quest for the
                  | Orb.
     0 | D:1      | Reached XP level 1. HP: 14/14 MP: 1/1
   111 | D:1      | Found a faded altar of an unknown god.
   115 | D:1      | Prayed at the altar of an unknown god.
   115 | D:1      | Fell from the grace of Xom
   115 | D:1      | Became a worshipper of Jiyva Jola the Shapeless
   115 | D:1      | Reached * piety under Jiyva
   186 | D:1      | Reached XP level 2. HP: 19/19 MP: 2/2
   318 | D:2      | Reached ** piety under Jiyva
   338 | D:2      | Reached XP level 3. HP: 23/23 MP: 3/3
   341 | D:2      | Reached skill level 1 in Evocations
   451 | D:2      | You fall into a shaft and drop 2 floors!
   500 | D:4      | Reached XP level 4. HP: 28/29 MP: 4/4
   563 | D:4      | Reached skill level 4 in Fighting
   569 | D:4      | XOM: 4-stop teleportation journey
   639 | D:4      | Noticed an ogre
   646 | D:4      | Mangled by an ogre

Illustrated notes

Levels and vault maps discovered:
D:1:      evilmike_arrival_fibonacci_small, layout_loops_corners,
          shapermc_ecumenical_altar_mp_vishouse
D:2:      layout_rooms, serial_undead, serial_undead_e, serial_undead_a,
          serial_undead_e, serial_undead_d, serial_undead_c
D:4:      layout_basic, gammafunk_ghost_cemetery,
          hangedman_decor_clover_reticule

Skill      XL: |  1  2  3  4 |
---------------+-------------+-----
Axes           | 3 |  3.2
Evocations     | 1 |  1.5
Armour         | 3 |  3.1
Fighting       | 4 |  4.0
Dodging        | |  0.7

Action                   |  1- 3 |  4- 6 || total
-------------------------+-------+-------++-------
Melee: Hand axe          |    76 |    33 ||   109
Evoke: Piece from Xom's  |       |     1 ||     1
  Use: Scroll            |     1 |     2 ||     3
Armor: Leather armour    |    55 |    14 ||    69
Dodge: Dodged            |    63 |    28 ||    91
